Unix NetHack Version 3.7.0-66 Work-in-progress - last build Oct 24 2022 02:09:04 (0cf9ee0665dfd4e3628fd2b6ead320895a4d4695,branch:master). Game began 2022-10-30 13:25:24, ended 2022-10-30 13:34:44. torpedovariant, chaotic female human Barbarian --- ---- ---- --.----------..| |..| ---- -- -------- ---...--.|.......| |..| --..-- --.-- --- --.|.|..----...........------ |..| |....| ---- ..(.| --.----............-.......--- ----|..| --....| ---..- .... ---..........>....--...---...------..||..| |.....-- |..... - ... |..........^.........................||..| |......| ..... ----.... --....................----.....-----.--|..--|.....-- --....---....- |.....................| |-....).| |.| |...||.--.-- |....-...*.-- -----.-..................----...).).--|.| |.-.-|.|--- |....Gf..)..| --..........................|........).|.|--....|.| ---.@a-.....| |....----------..................<).|....||...|.|.| |.........-- |-..-- |...................------.||...|.|.| |..........-----...| |...................| |.---.-|...| -...........--....-- ----.----...........- |..|..|---.| |......-.........--- --- |............| --...-- --.| |................| --............. --..| |..| --...---.|.--..--- ----...........| |...| |..| --.-- --------- --.|.--.--.-- |..-- ---- --- -------- -- ---- Torpedovariant the Pillager St:18/01 Dx:17 Co:17 In:7 Wi:8 Ch:7 Chaotic Dlvl:4 $:57 HP:0(57) Pw:13(13) AC:4 Exp:5 T:2611 Latest messages: Purrminator bites the gnome. The gnome is killed! The gnome just misses! Purrminator misses the gnomish wizard. Purrminator bites the gnomish wizard. The giant ant just misses! You miss the giant ant. The giant ant misses! The gnome hits! The giant ant bites! Purrminator misses the gnomish wizard. You miss the giant ant. The giant ant bites! Purrminator misses the gnomish wizard. The gnome misses! The giant ant misses! Purrminator misses the gnomish wizard. The giant ant misses! Purrminator misses the gnomish wizard. The gnome hits! You smite the giant ant! The giant ant just misses! Purrminator misses it. The gnome hits! You miss the giant ant. The giant ant bites! Purrminator bites it. The gnome misses! You smite the giant ant! The giant ant misses! The giant ant misses! The giant ant bites! Purrminator misses the gnome. The gnome hits! The giant ant just misses! Purrminator misses the gnome. You drop a scroll labeled JUYED AWK YACC. You drop a scroll labeled PRIRUTSENIE. You drop a scroll labeled XOR OTA. You drop a cyan potion. You drop a purple-red potion. Your movements are now unencumbered. You drop a murky potion. You drop a black potion. You drop a dark green potion. You drop a potion called water. The giant ant bites! The gnome hits! You die... Do you want your possessions identified? [ynq] (y) Inventory: Coins $ - 57 gold pieces Weapons a - an uncursed +0 battle-axe (alternate weapon; not wielded) k - an uncursed +0 orcish dagger named key p - a cursed -2 crossbow x - 2 uncursed +0 daggers H - a blessed +1 elven dagger J - a cursed -2 orcish dagger K - an uncursed +0 orcish dagger named key2 (at the ready) Armor B - an uncursed +0 ring mail (being worn) C - an uncursed +0 dwarvish cloak (being worn) D - an uncursed +0 pair of iron shoes (being worn) F - an uncursed +0 orcish helm (being worn) I - an uncursed +0 pair of iron shoes Comestibles f - 2 uncursed tripe rations s - 2 uncursed food rations G - an uncursed lichen corpse Spellbooks j - an uncursed spellbook of light Wands E - an uncursed wand of undead turning (0:3) Tools o - an uncursed +0 pick-axe named !c Gems/Stones y - an uncursed worthless piece of yellowish brown glass z - 2 uncursed worthless pieces of orange glass Torpedovariant the Barbarian's attributes: Background: You were a Pillager, a level 5 female human Barbarian. You were chaotic, nominally on a mission for Set who was opposed by Mitra (lawful) and Crom (neutral). You were in the Gnomish Mines, on level 4. You entered the dungeon 2611 turns ago. You had 201 experience points, 119 more were needed to attain level 6. Basics: You had 0 out of 57 hit points. You had all 13 energy points (spell power). Your armor class was 4. Your wallet contained 57 zorkmids. Autopickup was on for '$!?/"=' plus thrown, with exceptions. Final Characteristics: Your strength was 18/01 (limit:18/100). Your dexterity was 17 (limit:18). Your constitution was 17 (limit:18). Your intelligence was 7 (limit:18). Your wisdom was 8 (limit:18). Your charisma was 7 (limit:18). Final Status: You were not hungry. You were unencumbered. You were bare handed. You had basic skill with bare handed combat. Final Attributes: You were piously aligned. You were poison resistant. You were telepathic. You were warded. You are dead. Miscellaneous: You never encountered a bones level. Total elapsed playing time was 9 minutes and 20 seconds. Major events: Turn 1: torpedovariant the chaotic female human Barbarian entered the dungeon 981: entered the Gnomish Mines 1516: attained the rank of Pillager (level 3) 2611: killed by a gnome Vanquished creatures: a gnome leader a gnomish wizard 2 floating eyes 2 dwarves a homunculus 2 orc zombies a dwarf zombie 2 coyotes 3 hobbits a large kobold a green mold a red mold 7 gnomes a gnome zombie a gecko 5 jackals 2 foxes a kobold 4 goblins 2 sewer rats 3 grid bugs 2 lichens 5 newts 51 creatures vanquished. No species were genocided or became extinct. Voluntary challenges: You were an atheist. You read items or engraved 1 time. You never engraved Elbereth. You never genocided any monsters. You never polymorphed an object. You never changed form. You used no wishes. Achievements: You entered the Gnomish Mines. You attained the rank of Pillager. The Dungeons of Doom: levels 1 to 3 Level 1: A sink. Level 2: "teledig" A fountain. Level 3: Some fountains. Stairs down to The Gnomish Mines. The Gnomish Mines: Level 4: <- You were here. Final resting place for you, killed by a gnome. Game over: ---------- / \ / REST \ / IN \ / PEACE \ / \ | torpedovariant | | 57 Au | | killed by a | | gnome | | | | | | 2022 | *| * * * | * _________)/\\_//(\/(/\)/\//\/|_)_______ Goodbye torpedovariant the Barbarian... You died in The Gnomish Mines on dungeon level 4 with 1006 points, and 57 pieces of gold, after 2611 moves. You were level 5 with a maximum of 57 hit points when you died.